 Dungeon Crawl Stone Soup version 0.27.1-35-g4d5d836560 (webtiles) character file.

Game seed: 4917245289125688892

125 croobank the Firebug (level 4, 0/30 HPs)
             Began as a Demonspawn Fire Elementalist on June 19, 2022.
             Slain by a centaur zombie (2 damage)
             ... on level 4 of the Dungeon.
             The game lasted 00:08:31 (3088 turns).

croobank the Firebug (Demonspawn Fire Elementalist) Turns: 3088, Time: 00:08:33

Health: 0/30       AC:  4    Str:  9    XL:     4   Next: 82%
Magic:  0/8        EV: 12    Int: 17    God:
Gold:   88         SH:  0    Dex: 13    Spells: 7/8 levels left

rFire    . . .     SeeInvis .   c - +0 dagger
rCold    . . .     Faith    .   (no shield)
rNeg     . . .     Spirit   +   a - +0 robe
rPois    .         Reflect  .   (no helmet)
rElec    .         Harm     .   (no cloak)
rCorr    .         Rampage  .   (no gloves)
Will     .....                  (no boots)
Stlth    ++........             f - amulet of guardian spirit
HPRegen  0.10/turn              (no ring)
MPRegen  0.11/turn              (no ring)

@: no status effects
A: slimy green scales 1, foul stench 1
a: no special abilities


You were on level 4 of the Dungeon.
You visited 1 branch of the dungeon, and saw 4 of its levels.

You collected 88 gold pieces.

Inventory:

Hand Weapons
 c - a +0 dagger (weapon)
 d - a +0 spear
 h - a +0 battleaxe
Missiles
 b - 95 stones
 e - 7 silver javelins
Armour
 a - a +0 robe (worn)
 k - a +0 leather armour
Jewellery
 f - an amulet of guardian spirit (around neck)
Potions
 g - 2 potions of attraction {unknown}
 i - a potion of might {unknown}
 j - a potion of haste {unknown}
 l - 2 potions of curing {unknown}
 n - a potion of mutation {unknown}


   Skills:
 + Level 0.1 Fighting
 + Level 0.4 Short Blades
 + Level 2.1 Dodging
 + Level 2.6 Stealth
 + Level 2.8 Spellcasting
 + Level 1.4 Conjurations
 + Level 3.7 Fire Magic


You had 7 spell levels left.
You knew the following spells:

 Your Spells              Type           Power      Damage    Failure   Level
a - Foxfire               Conj/Fire      44%        2x1d6     6%          1

Your spell library contained the following spells:

 Spells                   Type           Power      Damage    Failure   Level
 Conjure Flame            Conj/Fire      11%        6-21      19%         3
 Inner Flame              Hex/Fire       8%         N/A       26%         3
 Sticky Flame             Conj/Fire      11%        2d3       52%         4
 Fireball                 Conj/Fire      5%         3d5       86%         5


Dungeon Overview and Level Annotations

Branches:
Dungeon (4/15)
 Temple: D:4-7

Altars:
Ru


Innate Abilities, Weirdness & Mutations

You are partially covered in slimy green scales. (AC +2)
You may rarely emit foul miasma when damaged in melee.


Message History

The centaur zombie is severely damaged.
The centaur zombie hits you but does no damage.
The centaur zombie kicks you but does no damage.
You completely miss the centaur zombie.
The centaur zombie is severely damaged.
The centaur zombie hits you but does no damage.
The centaur zombie kicks you but does no damage.
You barely miss the centaur zombie.
The centaur zombie is severely damaged.
The centaur zombie barely misses you.
The centaur zombie kicks you but does no damage.
The centaur zombie hits you.
* * * LOW HITPOINT WARNING * * *
The centaur zombie misses you.
You hit the centaur zombie but do no damage.
The centaur zombie is severely damaged.
The centaur zombie hits you.
* * * LOW HITPOINT WARNING * * *
The centaur zombie kicks you.
* * * LOW HITPOINT WARNING * * *
You hit the centaur zombie but do no damage.
The centaur zombie is severely damaged.
The centaur zombie misses you.
The centaur zombie kicks you but does no damage.
Casting: Foxfire (safe; 6% risk of failure)
Confirm with . or Enter, or press ? or * to list all spells.
You conjure some foxfire!
The centaur zombie hits you.
* * * LOW HITPOINT WARNING * * *
The centaur zombie kicks you but does no damage.
The centaur zombie hits you.
* * * LOW HITPOINT WARNING * * *
The centaur zombie closely misses you.
You hit the centaur zombie.
The centaur zombie is severely damaged.
The foxfire hits the centaur zombie.
The centaur zombie is almost destroyed.
The foxfire hits the centaur zombie.
The centaur zombie is almost destroyed.
The centaur zombie closely misses you. The centaur zombie kicks you.
You die...

#.# #.# #.. ..
#.. .. # ##
..##.##.# ..
##........
.#.#.#.......
........Z.#
......§@..#
(.....§........
.#.####...##.#$
..$... #.#(...
#.#.##.# #.#.#
.# #.... #


You could see a centaur zombie.

Vanquished Creatures
  A hound zombie (D:4)
  4 adders
  A worm (D:3)
  4 dart slugs
  9 bats
  An endoplasm (D:1)
  4 giant cockroaches
  4 goblins
  3 hobgoblins
  6 jackals
  A quokka (D:1)
  7 ball pythons
  7 frilled lizards
  5 kobolds
  7 rats
  A spectral hobgoblin (D:1)
65 creatures vanquished.

Vanquished Creatures (others)
  132 foxfires
  A withered plant (D:4)
133 creatures vanquished.

Grand Total: 198 creatures vanquished

Notes
Turn   | Place    | Note
-------+----------+-------------------------------------------
     0 | D:1      | croobank the Demonspawn Fire Elementalist began the quest
                  | for the Orb.
     0 | D:1      | Reached XP level 1. HP: 13/13 MP: 3/3
   125 | D:1      | Reached skill level 3 in Fire Magic
   221 | D:1      | Gained mutation: You are partially covered in slimy green
                  | scales. (AC +2) [demonic ancestry]
   221 | D:1      | Reached XP level 2. HP: 19/19 MP: 3/5
   433 | D:1      | Found a faded altar of an unknown god.
  1067 | D:1      | Gained mutation: You may rarely emit foul miasma when
                  | damaged in melee. [demonic ancestry]
  1067 | D:1      | Reached XP level 3. HP: 24/24 MP: 3/6
  1951 | D:2      | Reached XP level 4. HP: 30/30 MP: 7/7
  2123 | D:3      | Found a sacrificial altar of Ru.
  3088 | D:4      | Slain by a centaur zombie

Illustrated notes

Levels and vault maps discovered:
D:1:      lemuel_arrival_broad_hall, layout_basic,
          dreamdust_ecumenical_altar_drowned_temple
D:2:      layout_loops_ring
D:3:      layout_loops_cross, mainiacjoe_overflow_chevrons, corner_web_ring
D:4:      layout_loops_cross, minmay_temple_entry_mist, serial_undead,
          serial_undead_f, serial_undead_e, serial_undead_f, serial_undead_a

Skill      XL: |  1  2  3 |
---------------+----------+-----
Fire Magic     | 3 |  3.7
Stealth        | 2 |  2.6
Dodging        | 2 |  2.1
Fighting       | |  0.1
Short Blades   | |  0.4
Spellcasting   | |  2.8
Conjurations   | |  1.4

Action                   |  1- 3 |  4- 6 || total
-------------------------+-------+-------++-------
Melee: Dagger            |    61 |    25 ||    86
 Cast: Foxfire           |    50 |    25 ||    75
  Use: Scroll            |       |     1 ||     1
 Stab: Sleeping          |     3 |     5 ||     8
Armor: Robe              |    35 |    19 ||    54
Dodge: Dodged            |    66 |    42 ||   108
